[Event "12th Chennai Open 2020"]
[Site "Chennai"]
[Date "2020.01.20"]
[Round "4.19"]
[White "Neelotpal, Das"]
[Black "Barath Kalyan M"]
[Result "1-0"]
[ECO "E50"]
[WhiteElo "2436"]
[BlackElo "2091"]
[Annotator "ChessBase"]
[PlyCount "107"]
[EventDate "2020.01.19"]
[EventType "swiss"]
[EventCountry "IND"]
[SourceTitle "playchess.com"]
[Source "ChessBase"]
[SourceQuality "1"]
[TimeControl "5400+30"]

1. d4 Nf6 2. c4 e6 3. Nc3 Bb4 4. e3 O-O 5. Nf3 Bxc3+ 6. bxc3 d6 7. Bd3 Nc6 8. O-O e5 9. Nd2 Qe7 10. Bb2 e4 11. Bc2 Bg4 12. Qb1 Rfe8 13. Ba3 b6 14. Qb5 Na5 15. Bb4 Nb7 16. Qg5 c5 17. Ba3 Bd7 18. Rae1 Bc6 19. Qg3 Nh5 20. Qh3 Nf6 21. f3 d5 22. cxd5 Bxd5 23. c4 Be6 24. Qh4 exf3 25. gxf3 h6 26. Kh1 Na5 27. Rg1 Kh8 28. d5 Nxc4 29. Qxc4 Bxd5 30. Qf4 Qe5 31. Qxe5 Rxe5 32. Bb2 Re6 33. e4 Bxa2 34. Ra1 Rd8 35. Rg2 Red6 36. Nf1 Bc4 37. e5 Bxf1 38. Rxf1 Rd2 39. exf6 Rxg2 40. Kxg2 Rd2+ 41. Rf2 Rxf2+ 42. Kxf2 g5 43. Bd3 a5 44. Bb5 Kh7 45. Ke3 Kg6 46. Ke4 h5 47. Ke5 h4 48. h3 Kh6 49. Kf5 a4 50. Bc1 a3 51. Bxa3 c4 52. Bxc4 b5 53. Bf8+ Kh5 54. Bxf7# 1-0

[Event "12th Chennai Open 2020"]
[Site "Chennai"]
[Date "2020.01.22"]
[Round "7.4"]
[White "Goganov, Aleksey"]
[Black "Deshmukh, Anup"]
[Result "1-0"]
[ECO "D43"]
[WhiteElo "2583"]
[BlackElo "2163"]
[Annotator "RC"]
[PlyCount "72"]
[EventDate "2020.01.19"]
[EventType "swiss"]
[EventCountry "IND"]
[SourceTitle "playchess.com"]
[Source "ChessBase"]
[SourceQuality "1"]
[TimeControl "5400+30"]

1. d4 d5 2. c4 c6 3. Nf3 Nf6 4. Nc3 e6 5. Bg5 h6 6. Bxf6 Qxf6 7. e3 Nd7 8. Be2 Bb4 9. Qb3 Bxc3+ 10. Qxc3 O-O 11. O-O dxc4 12. Bxc4 b6 13. Bd3 Bb7 14. Be4 Qe7 15. Nd2 Rac8 16. Rac1 Rfd8 17. Bf3 Nf6 18. Rfd1 c5 19. Qa3 Bxf3 20. Nxf3 Ne4 21. Qa6 Rc7 22. Qd3 f5 23. Qe2 cxd4 24. Nxd4 Rdc8 25. Rxc7 Rxc7 26. Qb5 Rc5 27. Qb3 Kf7 28. a3 Qe8 29. h3 Qf8 30. f3 Ng5 31. Nb5 Kg8 32. Nd6 Qb8 33. e4 Kh7 34. Qd3 fxe4 35. Nxe4 Nxe4 36. Qxe4+ Kh8 1-0

[Event "12th Chennai Open 2020"]
[Site "Chennai"]
[Date "2020.01.23"]
[Round "8.7"]
[White "Girinath, P.D.S."]
[Black "Stupak, Kirill"]
[Result "0-1"]
[ECO "C10"]
[WhiteElo "2340"]
[BlackElo "2506"]
[Annotator "ChessBase"]
[PlyCount "107"]
[EventDate "2020.01.19"]
[EventType "swiss"]
[EventCountry "IND"]
[SourceTitle "playchess.com"]
[Source "ChessBase"]
[SourceQuality "1"]
[TimeControl "5400+30"]

1. e4 e6 2. d4 d5 3. Nc3 Nc6 4. Nf3 Nf6 5. e5 Ne4 6. Bd3 Bb4 7. O-O Nxc3 8. bxc3 Bxc3 9. Rb1 h6 10. Rb3 Bxd4 11. Nxd4 Nxd4 12. Rb2 Nf5 13. Bxf5 exf5 14. c4 d4 15. c5 Qd5 16. Be3 Be6 17. Qa4+ Bd7 18. Qxd4 Qxd4 19. Bxd4 Bc6 20. f4 O-O-O 21. Rd1 Rd7 22. Kf2 Rhd8 23. Ke3 b6 24. Rbd2 Ba4 25. Rc1 Kb7 26. Bc3 Rxd2 27. Bxd2 Bb5 28. Rc3 bxc5 29. Bc1 Rd1 30. Rxc5 Bc6 31. g4 fxg4 32. f5 Rf1 33. e6 fxe6 34. fxe6 Re1+ 35. Kf4 Rxe6 36. Kxg4 Re2 37. Bf4 Rxa2 38. Re5 Ra4 39. h4 Bd7+ 40. Kf3 Ra1 41. Re7 Rf1+ 42. Kg3 Kc8 43. Be3 a5 44. Rxg7 a4 45. Kg2 Rd1 46. Rg8+ Kb7 47. Bxh6 a3 48. Bg7 a2 49. h5 Bc6+ 50. Kf2 Rd2+ 51. Ke3 Rg2 52. h6 Rxg7 53. hxg7 Bd5 54. Kd4 0-1

[Event "12th Chennai Open 2020"]
[Site "Chennai"]
[Date "2020.01.23"]
[Round "8.8"]
[White "Venkatesh, M.R."]
[Black "Eraschenkov, Denis"]
[Result "1-0"]
[ECO "C07"]
[WhiteElo "2501"]
[BlackElo "2370"]
[Annotator "ChessBase"]
[PlyCount "79"]
[EventDate "2020.01.19"]
[EventType "swiss"]
[EventCountry "IND"]
[SourceTitle "playchess.com"]
[Source "ChessBase"]
[SourceQuality "1"]
[TimeControl "5400+30"]

1. e4 e6 2. d4 d5 3. Nd2 a6 4. Ngf3 c5 5. dxc5 Bxc5 6. Bd3 Nf6 7. e5 Nfd7 8. Nb3 Ba7 9. Bf4 Nc6 10. O-O f6 11. exf6 Qxf6 12. Bg5 Qf7 13. Be3 h6 14. Bxa7 Rxa7 15. Nh4 Nde5 16. f4 Nxd3 17. Qxd3 O-O 18. Ng6 Re8 19. Rae1 b6 20. Ne5 Nxe5 21. Rxe5 a5 22. Qe3 Rc7 23. Nd4 Rf8 24. c3 Rc4 25. g3 Rc5 26. Re1 Rd8 27. Nxe6 Bxe6 28. Rxe6 d4 29. cxd4 Rc4 30. Rxb6 Rc2 31. a3 Kh8 32. Re6 Rcc8 33. Qe5 Kh7 34. Re7 Qf8 35. f5 Rc6 36. Re6 Rc4 37. f6 Rcxd4 38. fxg7 Qf7 39. g8=Q+ Qxg8 40. Qf5+ 1-0

[Event "12th Chennai Open 2020"]
[Site "Chennai"]
[Date "2020.01.23"]
[Round "8.9"]
[White "Vasquez Schroeder, Rodrigo"]
[Black "Jubin Jimmy"]
[Result "0-1"]
[ECO "E11"]
[WhiteElo "2487"]
[BlackElo "2193"]
[Annotator "ChessBase"]
[PlyCount "148"]
[EventDate "2020.01.19"]
[EventType "swiss"]
[EventCountry "IND"]
[SourceTitle "playchess.com"]
[Source "ChessBase"]
[SourceQuality "1"]
[TimeControl "5400+30"]

1. d4 Nf6 2. c4 e6 3. Nf3 Bb4+ 4. Nbd2 O-O 5. a3 Be7 6. e4 d6 7. Be2 Nbd7 8. Qc2 e5 9. O-O a5 10. b3 c6 11. Bb2 Qc7 12. Rfe1 Re8 13. Bf1 Bf8 14. h3 h6 15. Rad1 Nh7 16. b4 axb4 17. axb4 b6 18. Qb3 c5 19. dxc5 dxc5 20. b5 Be7 21. Nb1 Nhf8 22. Nc3 Ne6 23. Nd5 Qb8 24. Ra1 Rxa1 25. Rxa1 Bd6 26. Nh4 Nd4 27. Qg3 Bb7 28. Bc1 Kh8 29. Nf3 Bxd5 30. cxd5 Nf6 31. Nd2 Qb7 32. Ra6 Rb8 33. Qa3 Qc7 34. Ra7 Rb7 35. Rxb7 Qxb7 36. Qa6 Qc7 37. Bd3 Nd7 38. Nc4 Kh7 39. Be3 Qb8 40. Kf1 g6 41. g3 Kg7 42. Kg2 Kh7 43. Qa3 Bf8 44. Qa4 Bd6 45. f3 Kg7 46. h4 Kh7 47. Kf2 Kg7 48. Kg2 Kh7 49. Qa3 Bf8 50. Qa2 Bd6 51. Kf2 Kg7 52. Bf1 Bc7 53. Bh3 Nf6 54. Qd2 Ng8 55. Bd7 Kh7 56. Kg2 Qd8 57. Bc6 Kg7 58. Bxd4 cxd4 59. Qb4 Nf6 60. d6 Bb8 61. g4 Nh7 62. Kg3 Nf8 63. Qa3 Ne6 64. Bd5 Nf4 65. Qa8 Ne2+ 66. Kf2 Nc3 67. g5 hxg5 68. Qb7 Qf6 69. Bxf7 Qxf7 70. Qxb8 g4 71. Nxe5 Qa2+ 72. Kg3 Ne2+ 73. Kf2 Nf4+ 74. Kg3 Nh5+ {[%emt 0:02:14] Kf2} 0-1

[Event "12th Chennai Open 2020"]
[Site "Chennai"]
[Date "2020.01.23"]
[Round "8.10"]
[White "Taher, Yoseph Theolifus"]
[Black "Harshavardhan G B"]
[Result "1/2-1/2"]
[ECO "C26"]
[WhiteElo "2462"]
[BlackElo "2343"]
[Annotator "ChessBase"]
[PlyCount "100"]
[EventDate "2020.01.19"]
[EventType "swiss"]
[EventCountry "IND"]
[SourceTitle "playchess.com"]
[Source "ChessBase"]
[SourceQuality "1"]
[TimeControl "5400+30"]

1. e4 e5 2. Nc3 Nf6 3. g3 Bc5 4. Bg2 Nc6 5. Nge2 d6 6. d3 a6 7. O-O Be6 8. Nd5 Qd7 9. c3 Ba7 10. d4 exd4 11. Nxf6+ gxf6 12. cxd4 Bg4 13. f3 Bh3 14. Bxh3 Qxh3 15. Be3 Qd7 16. Qd2 O-O-O 17. d5 Bxe3+ 18. Qxe3 Ne7 19. a4 Kb8 20. b4 Rhe8 21. b5 a5 22. Qd2 f5 23. Nd4 b6 24. exf5 Ka8 25. g4 Rc8 26. Ne2 Ng8 27. Ng3 Qd8 28. Rae1 Nf6 29. Rxe8 Qxe8 30. Re1 Qd8 31. h4 Nd7 32. Qg5 Qh8 33. f6 Nxf6 34. Qf5 Kb8 35. Kg2 Qg7 36. g5 Ng8 37. Nh5 Qb2+ 38. Kh3 Qd2 39. Re4 h6 40. Ng3 hxg5 41. Qxg5 Qc3 42. Rf4 f6 43. Qg7 Qe3 44. Rf5 Ne7 45. Rxf6 Nxd5 46. Rf8 Qe6+ 47. Kh2 Ne3 48. Rxc8+ Kxc8 49. Kg1 Qa2 50. Ne4 Qe2 1/2-1/2

[Event "12th Chennai Open 2020"]
[Site "Chennai"]
[Date "2020.01.23"]
[Round "8.13"]
[White "Saravana, Krishnan P."]
[Black "Vignesh N R"]
[Result "0-1"]
[ECO "B90"]
[WhiteElo "2313"]
[BlackElo "2472"]
[Annotator "ChessBase"]
[PlyCount "86"]
[EventDate "2020.01.19"]
[EventType "swiss"]
[EventCountry "IND"]
[SourceTitle "playchess.com"]
[Source "ChessBase"]
[SourceQuality "1"]
[TimeControl "5400+30"]

1. e4 c5 2. Nf3 d6 3. d4 cxd4 4. Nxd4 Nf6 5. Nc3 a6 6. Bd2 Nc6 7. Nxc6 bxc6 8. Bd3 g6 9. O-O Bg7 10. Kh1 O-O 11. Qe1 a5 12. Rd1 a4 13. f4 Nd7 14. f5 e6 15. fxe6 fxe6 16. Qg3 Ne5 17. Bg5 Rxf1+ 18. Bxf1 Qf8 19. Bc1 d5 20. Be2 Ba6 21. Bxa6 Rxa6 22. exd5 cxd5 23. a3 Qf5 24. Bf4 Nc4 25. Bc1 Nd6 26. Qe1 Rc6 27. h3 d4 28. Ne2 Qxc2 29. Bf4 Nf5 30. Ng1 Qc5 31. Nf3 Qd5 32. Qb4 Qb3 33. Qxb3 axb3 34. Rd3 g5 35. Nxg5 e5 36. Bd2 Rc2 37. Ne4 Rxb2 38. a4 Rb1+ 39. Kh2 b2 40. Rb3 Ne3 41. g4 Nc4 42. Rb8+ Kf7 43. Rb7+ Ke6 0-1

[Event "12th Chennai Open 2020"]
[Site "Chennai"]
[Date "2020.01.23"]
[Round "8.14"]
[White "Neverov, Valeriy"]
[Black "Samant Aditya S"]
[Result "1-0"]
[ECO "E42"]
[WhiteElo "2460"]
[BlackElo "2296"]
[Annotator "ChessBase"]
[PlyCount "97"]
[EventDate "2020.01.19"]
[EventType "swiss"]
[EventCountry "IND"]
[SourceTitle "playchess.com"]
[Source "ChessBase"]
[SourceQuality "1"]
[TimeControl "5400+30"]

1. d4 Nf6 2. c4 e6 3. Nc3 Bb4 4. e3 b6 5. Nge2 c5 6. a3 Ba5 7. Ng3 Bb7 8. Bd2 O-O 9. Bd3 d5 10. cxd5 cxd4 11. exd4 Bxc3 12. bxc3 Qxd5 13. f3 Ba6 14. Bc2 Nc6 15. Kf2 e5 16. Ne4 Nd7 17. Be3 Rad8 18. Re1 f5 19. Nd2 Kh8 20. Kg1 exd4 21. cxd4 Nf6 22. Bb3 Qd6 23. Nc4 Bxc4 24. Bxc4 Nxd4 25. Bf2 f4 26. Qd3 Nc6 27. Qxd6 Rxd6 28. Rac1 Na5 29. Bf1 Rd7 30. Bb5 Rdf7 31. Red1 Nb3 32. Rc4 g5 33. h4 h6 34. Rd6 Nc5 35. hxg5 hxg5 36. Bxc5 bxc5 37. Rxc5 Nh7 38. Bd3 Rg7 39. Rh6 Rfg8 40. Rxg5 Rd7 41. Rxg8+ Kxg8 42. Bxh7+ Rxh7 43. Rxh7 Kxh7 44. a4 a5 45. Kf2 Kg6 46. Ke2 Kf5 47. Kd3 Ke5 48. Kc4 Kf5 49. Kd5 1-0

[Event "12th Chennai Open 2020"]
[Site "Chennai"]
[Date "2020.01.23"]
[Round "8.15"]
[White "Kunal, M.."]
[Black "Lugovskoy, Maxim"]
[Result "0-1"]
[ECO "C06"]
[WhiteElo "2288"]
[BlackElo "2453"]
[Annotator "ChessBase"]
[PlyCount "90"]
[EventDate "2020.01.19"]
[EventType "swiss"]
[EventCountry "IND"]
[SourceTitle "playchess.com"]
[Source "ChessBase"]
[SourceQuality "1"]
[TimeControl "5400+30"]

1. e4 e6 2. d4 d5 3. Nd2 Nf6 4. e5 Nfd7 5. Bd3 c5 6. c3 Nc6 7. Ne2 cxd4 8. cxd4 f6 9. exf6 Qxf6 10. Nf3 h6 11. O-O Bd6 12. Ng3 O-O 13. Bc2 Rf7 14. Re1 Nf8 15. Nh5 Qd8 16. Ne5 Nxe5 17. dxe5 Bc5 18. Be3 d4 19. Bf4 Bd7 20. Bd3 Be8 21. Qg4 Kh8 22. Bd2 Rc7 23. h4 a5 24. a3 b5 25. b4 Bb6 26. Nf4 Bf7 27. h5 axb4 28. axb4 Rca7 29. Rxa7 Rxa7 30. Ng6+ Kg8 31. Rc1 Bc7 32. Qe2 Nd7 33. Bxb5 Bxg6 34. hxg6 Nxe5 35. f4 d3 36. Qe4 Ra2 37. fxe5 Bb6+ 38. Be3 Re2 39. Bxb6 d2 40. Bxe2 dxc1=Q+ 41. Kh2 Qd5 42. Qxd5 exd5 43. Bf2 Qd2 44. Bf3 Qxf2 45. Bxd5+ Kf8 0-1

[Event "12th Chennai Open 2020"]
[Site "Chennai"]
[Date "2020.01.23"]
[Round "8.16"]
[White "Navin, Kanna T.u."]
[Black "Harikrishnan.A.Ra"]
[Result "0-1"]
[ECO "C14"]
[WhiteElo "2265"]
[BlackElo "2444"]
[Annotator "ChessBase"]
[PlyCount "56"]
[EventDate "2020.01.19"]
[EventType "swiss"]
[EventCountry "IND"]
[SourceTitle "playchess.com"]
[Source "ChessBase"]
[SourceQuality "1"]
[TimeControl "5400+30"]

1. e4 e6 2. d4 d5 3. Nc3 Nf6 4. Bg5 Be7 5. e5 Nfd7 6. Bxe7 Qxe7 7. f4 a6 8. Nf3 c5 9. Qd2 Nc6 10. Be2 cxd4 11. Nxd4 Ndxe5 12. Nf5 exf5 13. Nxd5 Nf3+ 14. gxf3 Qh4+ 15. Kd1 O-O 16. c4 Be6 17. Kc2 Rfd8 18. Qe1 Nd4+ 19. Kd3 Qh6 20. Kxd4 Qxf4+ 21. Kc3 Bxd5 22. cxd5 Rac8+ 23. Kb3 Qe3+ 24. Ka4 Rxd5 25. Rd1 Qe8+ 26. Ka3 Re5 27. Qb4 a5 28. Qxb7 Qf8+ 0-1

[Event "12th Chennai Open 2020"]
[Site "Chennai"]
[Date "2020.01.23"]
[Round "8.17"]
[White "Rohith Krishna S"]
[Black "Rahman, Ziaur"]
[Result "1-0"]
[ECO "D31"]
[WhiteElo "2289"]
[BlackElo "2434"]
[Annotator "ChessBase"]
[PlyCount "97"]
[EventDate "2020.01.19"]
[EventType "swiss"]
[EventCountry "IND"]
[SourceTitle "playchess.com"]
[Source "ChessBase"]
[SourceQuality "1"]
[TimeControl "5400+30"]

1. d4 d5 2. c4 e6 3. Nc3 c6 4. cxd5 exd5 5. Qc2 Bd6 6. Nf3 Ne7 7. e3 Bf5 8. Bd3 Bxd3 9. Qxd3 Nd7 10. Bd2 f5 11. Ng5 Nf6 12. f4 Qd7 13. Rb1 O-O 14. O-O Ne4 15. Nf3 a5 16. Na4 Qe8 17. Rbc1 Rf6 18. Be1 Ng6 19. Rc2 Nf8 20. Ne5 Rh6 21. Nb6 Ra6 22. Qb3 Bxe5 23. fxe5 Qh5 24. g3 Qf7 25. g4 Rg6 26. Rg2 Qc7 27. Nxd5 cxd5 28. Qxd5+ Rae6 29. gxf5 Rxg2+ 30. Kxg2 Qc6 31. Qxc6 Rxc6 32. Kf3 Ng5+ 33. Kf4 Nf7 34. Bxa5 Rc2 35. Bb4 Rxb2 36. a3 Nd8 37. e6 Nc6 38. e7 Nxe7 39. Bxe7 Nd7 40. e4 Kf7 41. Bd6 Rxh2 42. Rb1 b6 43. e5 Rh4+ 44. Ke3 Ke8 45. Rc1 Kd8 46. Rg1 b5 47. Rxg7 Rh3+ 48. Ke4 Nb6 49. Bc7+ 1-0

[Event "12th Chennai Open 2020"]
[Site "Chennai"]
[Date "2020.01.23"]
[Round "8.18"]
[White "Hesham, Abdelrahman"]
[Black "Pranav Vijay"]
[Result "0-1"]
[ECO "E15"]
[WhiteElo "2429"]
[BlackElo "2265"]
[Annotator "ChessBase"]
[PlyCount "111"]
[EventDate "2020.01.19"]
[EventType "swiss"]
[EventCountry "IND"]
[SourceTitle "playchess.com"]
[Source "ChessBase"]
[SourceQuality "1"]
[TimeControl "5400+30"]

1. d4 Nf6 2. c4 e6 3. Nf3 b6 4. g3 Ba6 5. b3 d5 6. Bg2 dxc4 7. Ne5 Bb4+ 8. Kf1 Bd6 9. Nxc4 Nd5 10. Bf3 Be7 11. Kg2 O-O 12. e4 Nf6 13. Nc3 c6 14. Bf4 Nbd7 15. Rc1 Rc8 16. Nd6 Ra8 17. h4 Ne8 18. Nc4 Rc8 19. e5 Bb7 20. Ne4 Rb8 21. Qc2 Nc7 22. Ng5 g6 23. Nxh7 Kxh7 24. h5 Kg7 25. hxg6 fxg6 26. Rh6 Rf5 27. g4 Nf8 28. gxf5 exf5 29. Rh2 Nfe6 30. Bh6+ Kg8 31. Ne3 Nxd4 32. Qc4+ Nce6 33. Nxf5 b5 34. Nxe7+ Qxe7 35. Qd3 Nf5 36. Rch1 Rd8 37. Qb1 c5 38. Rh3 Bxf3+ 39. Rxf3 Qb7 40. Be3 Rf8 41. Qd3 Rd8 42. Qb1 Kg7 43. Rhh3 Nxe3+ 44. fxe3 Rd2+ 45. Kf1 Qd5 46. Ke1 Rg2 47. Rf2 Ng5 48. Rh1 Nf3+ 49. Ke2 Qd2+ 50. Kxf3 Qxf2+ 51. Ke4 Qf5+ 52. Kd5 Rd2+ 53. Kxc5 Qxe5+ 54. Kb4 Qd6+ 55. Kc3 Re2 56. Qa1 0-1